 Dungeon Crawl Stone Soup version 0.27-a0-223-ge082b6e869 (webtiles) character file.

Game seed: 13845049420152164981

659679 namelastname112 the Meteorologist (level 27, -10/242 (246) HPs)
             Began as a Black Draconian Conjurer on Jan 27, 2021.
             Was the Champion of Dithmenos.
             Mangled by a death cob (31 damage)
             ... on level 1 of the Realm of Zot on Feb 1, 2021.
             The game lasted 03:39:55 (102143 turns).

namelastname112 the Meteorologist (DrCj)          Turns: 102143, Time: 03:39:56

HP:   -10/242 (246) AC: 21    Str: 17    XL:     27
MP:   12/47         EV: 27    Int: 38    God:    Dithmenos [******]
Gold: 4756          SH:  8    Dex: 20    Spells: 26/66 levels left

rFire    + + .     SeeInvis .   K - staff of air
rCold    . . .     Faith    .   n - +1 buckler {AC+3}
rNeg     + . .     Spirit   .   (armour unavailable)
rPois    .         Reflect  .   (helmet restricted)
rElec    +         Harm     .   m - +1 cloak {Will+}
rCorr    .         Rampage  .   I - +1 pair of gloves
Will     ++++.                  U - +0 pair of boots "Cius" {rF+ Will+ Str-3 Dex+3}
Stlth    ++++++....             h - amulet of magic regeneration
HPRegen  0.50/turn              s - ring "Tiykk" {rN+ Str+6 Int+4 Dex+3}
MPRegen  0.55/turn              S - ring "Milisuk" {rF+ Int+6 Dex+5}

@: about to teleport, flying, slowed, wreathed by umbra, lightly drained, very
slow
A: breathe lightning, unfitting armour, big wings, stinger 1, camouflage 1,
electricity resistance, cold-blooded, MP-powered wands, AC +13
}: 4/15 runes: serpentine, barnacled, slimy, silver
a: Breathe Lightning, Stop Flying, Renounce Religion, Shadow Step, Shadow Form


You were on level 1 of the Realm of Zot.
You worshipped Dithmenos.
Dithmenos was exalted by your worship.
You visited 11 branches of the dungeon, and saw 53 of its levels.
You visited the Abyss 1 time.
You visited 1 bazaar.
You also visited: Ossuary, Gauntlet and Ice Cave.

You collected 8044 gold pieces.
You spent 3288 gold pieces at shops.

Inventory:

Armour
 m - a +1 cloak of willpower (worn)
 n - a +1 buckler of protection (worn)
 I - a +1 pair of gloves (worn)
 T - a +1 cloak of preservation
 U - the +0 pair of boots "Cius" (worn) {rF+ Will+ Str-3 Dex+3}
   (You bought it in a shop on level 15 of the Dungeon)

   It affects your strength (-3).
   It affects your dexterity (+3).
   It protects you from fire.
   It affects your willpower, your defense against some magical effects.
Magical Staves
 K - an uncursed staff of air (weapon)
Jewellery
 b - the ring of Tiynuer {rElec rN+++ Will+ Str-2 Dex-5}
   (You took it off a frost giant on level 4 of the Depths)

   [ring of willpower]

   It affects your strength (-2).
   It affects your dexterity (-5).
   It insulates you from electricity.
   It renders you almost immune to negative energy.
   It affects your willpower, your defense against some magical effects.
 h - an amulet of magic regeneration (around neck)
 s - the ring "Tiykk" (left hand) {rN+ Str+6 Int+4 Dex+3}
   (You took it off a spriggan berserker on level 3 of the Depths)

   [ring of strength]

   It affects your strength (+6).
   It affects your intelligence (+4).
   It affects your dexterity (+3).
   It protects you from negative energy.
 y - a +4 ring of protection
 z - the ring "Mopt" {*Slow +Inv rC+++ rN+ Stlth+}
   (You took it off a deep elf death mage on level 3 of the Crypt)

   [ring of positive energy]

   It renders you almost immune to cold.
   It protects you from negative energy.
   It lets you turn invisible.
   It may slow you when you take damage.
   It makes you more stealthy.
 A - the ring "Optoique" {rN+ Str+2}
   (You took it off a guardian mummy on level 3 of the Crypt)

   [ring of positive energy]

   It affects your strength (+2).
   It protects you from negative energy.
 S - the ring "Milisuk" (right hand) {rF+ Int+6 Dex+5}
   (You took it off a vampire on level 14 of the Dungeon)

   [ring of intelligence]

   It affects your intelligence (+6).
   It affects your dexterity (+5).
   It protects you from fire.
 Z - an uncursed ring of see invisible
Wands
 a - a wand of acid (19)
 l - a wand of mindburst (65)
 q - a wand of iceblast (67)
 x - a wand of paralysis (43)
 F - a wand of digging (38)
 J - a wand of random effects (20)
Scrolls
 c - 8 scrolls of blinking
 k - 10 scrolls of enchant weapon
 o - 9 scrolls of fear
 p - 11 scrolls of magic mapping
 r - a scroll of summoning
 u - 32 scrolls of remove curse
 v - 5 scrolls of teleportation
 B - 6 scrolls of amnesia
 C - 14 scrolls of enchant armour
 D - 6 scrolls of brand weapon
 H - 5 scrolls of fog
 Q - 17 scrolls of identify
 W - 14 scrolls of immolation
Potions
 d - 17 potions of brilliance
 e - 4 potions of heal wounds
 f - 12 potions of curing
 g - 15 potions of ambrosia
 i - 3 potions of resistance
 j - 12 potions of might
 t - 6 potions of attraction
 E - 6 potions of mutation
 G - 7 potions of berserk rage
 L - 2 potions of invisibility
 M - 6 potions of haste
 N - 3 potions of magic
 Y - 6 potions of cancellation
Miscellaneous
 w - a box of beasts
 O - a phantom mirror
 P - a condenser vane
 R - a tin of tremorstones (2/2)
 X - a lightning rod (4/4)


   Skills:
 + Level 19.8 Fighting
 + Level 17.2 Dodging
 - Level 1.7 Stealth
 - Level 9.1 Shields
 + Level 20.1 Spellcasting
 + Level 17.7 Conjurations
 - Level 3.3 Translocations
 - Level 10.5 Ice Magic
 O Level 27 Air Magic
 - Level 5.0 Invocations
 + Level 16.5 Evocations


You had 26 spell levels left.
You knew the following spells:

 Your Spells              Type           Power        Failure   Level
a - Iskenderun's Mystic   Conj/Tloc      87%          1%          4
c - Conjure Ball Lightni  Conj/Air       71%          0%          6
d - Blink                 Tloc           N/A          1%          2
e - Lightning Bolt        Conj/Air       71%          0%          5
f - Freezing Cloud        Conj/Ice/Air   66%          1%          6
g - Foxfire               Conj/Fire      100%         1%          1
h - Searing Ray           Conj           100%         0%          2
s - Tornado               Air            76%          1%          9
x - Airstrike             Air            76%          0%          4
z - Magic Dart            Conj           100%         0%          1

Your spell library contained the following spells:

 Spells                   Type           Power        Failure   Level
 Freeze                   Ice            100%         0%          1
 Shock                    Conj/Air       100%         0%          1
 Corpse Rot               Necr/Air       N/A          0%          2
 Poisonous Vapours        Pois/Air       100%         0%          2
 Swiftness                Air            100%         0%          2
 Mephitic Cloud           Conj/Pois/Air  100%         0%          3
 Static Discharge         Conj/Air       100%         0%          3
 Animate Skeleton         Necr           76%          1%          1
 Apportation              Tloc           100%         1%          1
 Beastly Appendage        Tmut           76%          1%          1
 Corona                   Hex            42%          1%          1
 Pain                     Necr           100%         1%          1
 Sandblast                Erth           76%          1%          1
 Sting                    Tmut/Pois      100%         1%          1
 Call Imp                 Summ           38%          1%          2
 Ensorcelled Hibernation  Hex/Ice        100%         1%          2
 Passwall                 Tmut/Erth      31%          1%          2
 Slow                     Hex            38%          1%          2
 Wereblood                Tmut           38%          1%          2
 Conjure Flame            Conj/Fire      82%          1%          3
 Dazzling Flash           Conj/Hex       100%         1%          3
 Frozen Ramparts          Ice            100%         1%          3
 Gell's Gravitas          Tloc           29%          1%          3
 Lesser Beckoning         Tloc           29%          1%          3
 Ozocubu's Armour         Ice            87%          1%          3
 Portal Projectile        Hex/Tloc       100%         1%          3
 Stone Arrow              Conj/Erth      100%         1%          3
 Teleport Other           Tloc           59%          1%          3
 Fulminant Prism          Conj/Hex       41%          1%          4
 Hailstorm                Conj/Ice       98%          1%          4
 Ice Form                 Ice/Tmut       67%          1%          4
 Passage of Golubria      Tloc           N/A          1%          4
 Sticky Flame             Conj/Fire      82%          1%          4
 Summon Ice Beast         Ice/Summ       67%          1%          4
 Summon Lightning Spire   Summ/Air       100%         1%          4
 Bolt of Magma            Conj/Fire/Erth 35%          1%          5
 Fireball                 Conj/Fire      41%          1%          5
 Irradiate                Conj/Tmut      41%          1%          5
 Silence                  Hex/Air        59%          1%          5
 Confusing Touch          Hex            38%          2%          3
 Ignite Poison            Fire/Tmut/Pois 38%          2%          3
 Inner Flame              Hex/Fire       38%          2%          3
 Spider Form              Tmut/Pois      19%          2%          3
 Summon Guardian Golem    Hex/Summ       38%          2%          3
 Tukima's Dance           Hex            38%          2%          3
 Vampiric Draining        Necr           19%          2%          3
 Metabolic Englaciation   Hex/Ice        33%          2%          5
 Starburst                Conj/Fire      41%          2%          6
 Animate Dead             Necr           19%          7%          4
 Cause Fear               Hex            19%          7%          4
 Olgreb's Toxic Radiance  Pois           38%          7%          4
 Petrify                  Tmut/Erth      38%          7%          4
 Ozocubu's Refrigeration  Ice            43%          9%          7
 Summon Forest            Summ/Tloc      25%          10%         5
 Simulacrum               Ice/Necr       33%          13%         6
 Spellforged Servitor     Conj/Summ      41%          16%         7
 Agony                    Necr           38%          21%         5
 Blade Hands              Tmut           19%          21%         5
 Borgnjor's Vile Clutch   Necr/Erth      19%          21%         5
 Lee's Rapid Deconstruct  Erth           19%          21%         5
 Summon Mana Viper        Hex/Summ       38%          21%         5
 Yara's Violent Unravell  Hex/Tmut       19%          21%         5
 Dispersal                Tloc           29%          28%         6
 Eringya's Noxious Bog    Tmut/Pois      19%          73%         6
 Hydra Form               Tmut           19%          73%         6
 Invisibility             Hex            38%          73%         6
 Shadow Creatures         Summ           N/A          73%         6
 Statue Form              Tmut/Erth      25%          73%         6
 Dragon Form              Tmut           19%          99%         7
 Summon Hydra             Summ           19%          99%         7
 Disjunction              Tloc           29%          100%        8
 Ignition                 Fire           19%          100%        8
 Dragon's Call            Summ           19%          100%        9
 Shatter                  Erth           19%          100%        9


Dungeon Overview and Level Annotations

Branches:
Dungeon (15/15)            Temple (0/1) D:5            Lair (6/6) D:8
 Shoals (4/4) Lair:3        Snake (4/4) Lair:2        Slime (5/5) Lair:5
    Orc (2/2) D:10            Elf (3/3) Orc:2        Vaults (5/5) D:13
  Crypt (3/3) Vaults:2       Tomb (0/3) Crypt:3      Depths (5/5) D:15
    Zot (1/5) Depths:5    Ossuary (visited)           IceCv (visited)
Gauntlet (visited)

Altars:
Dithmenos
Kikubaaqudgha
Nemelex Xobeh
Qazlal
Uskayaw
Wu Jian
Yredelemnul
Zin
The Shining One
Beogh
Jiyva

Shops:
D:10 *   D:12 :   D:15 [*?(   Orc:2 =([!   Elf:3 =   Shoals:1 [[   Snake:2 [(!
Snake:4 }=}   Vaults:4 =

Portals:
Hell: Depths:1 Depths:2 Depths:3 Depths:4 Depths:5
Abyss: Depths:4
Pandemonium: Depths:3 Depths:4 Depths:5
Ziggurat: Depths:4

Annotations:
D:9 3 runed translucent doors, hark's ghost, novice MiFi
Lair:2 3 runed translucent doors, Toral's ghost, journeyman BaSk
Elf:1 1 runed translucent door, Klosterheim's ghost, journeyman DECj
Elf:2 5 runed translucent doors
Vaults:3 Mennas
Crypt:1 1 runed translucent door, Baotha's ghost, adept GrFi
Depths:4 2 runed translucent doors
Depths:5 5 runed translucent doors


Innate Abilities, Weirdness & Mutations

You can breathe wild blasts of lightning.
Your glossy black scales are hard. (AC +13)
You cannot fit into any form of body armour.
Your large and strong wings let you fly indefinitely.
You are resistant to electric shocks. (rElec)
You are cold-blooded and may be slowed by cold attacks.
Your tail ends in a poisonous barb.
Your skin changes colour to match your surroundings (Stealth+).
You expend magic power (3 MP) to strengthen your wands.


Message History

Your surroundings suddenly seem different!
Found 18 gold pieces!
As you read the scroll of teleportation, it crumbles to dust!
You feel strangely unstable!
You feel the Orb delaying your translocation!!!
The death cob hits you!!!!!! * * * don't die
* * * The death cob drains your vigour!!!
You feel as though you will be slow longer!
You block the death cob's attack! The death cob closely misses you!
You block the death cob's attack!
You take 18 damage, and have 35/242 hp!
You feel much better!
The death cob hits you!!!!!! * * * don't die
* * * The death cob misses you!
The death cob completely misses you!
The death cob hits you!!!!!! * * * don't die
* * * The death cob completely misses you!
You block the death cob's attack! The death cob hits you!!!!!! rip

#...§§.§#
####...§§#§#
#.(....q§§§§#
#.####.§§##§#
#...##...#
#..y##.####
#...##.....
#.zz.......
#..@.......
#..........
###......$.
#........
#....$...
#...⌠....
#........
#........


You could see 2 death cobs, a white draconian annihilator and a moth of wrath.

Vanquished Creatures
  the Royal Jelly (Slime:5)
  2 ancient liches
  3 juggernauts
  Sojobo (Depths:1)
  Bai Suzhen (D:15)
  4 caustic shrikes
  Saint Roka (Vaults:3)
  A curse toe (Crypt:3)
  10 golden dragons
  the Enchantress (Depths:1)
  3 bone dragons
  Jorgrun (Orc:1)
  6 tentacled monstrosities
  8 liches
  7 titans
  2 deep elf blademasters (Elf:3)
  Asterion (Snake:2)
  3 deep elf master archers
  A quicksilver dragon (Depths:3)
  Polyphemus (Shoals:2)
  13 acid blobs
  2 death cobs (Zot:1)
  The ghost of Vugicoz the Warrior, an adept MiFi of Ru (Shoals:1)
  14 shadow dragons
  7 ancient champions (Crypt:3)
  5 sphinxes
  7 storm dragons
  Kirke (D:12)
  A draconian monk (Depths:5)
  13 azure jellies
  11 nagarajas
  4 tengu reavers
  2 revenants
  An azure jelly (shapeshifter) (Vaults:5)
  11 fire giants
  14 frost giants
  Ilsuiw (Shoals:2)
  Donald (Shoals:2)
  8 deep elf sorcerers
  Aizul (Snake:2)
  An orc warlord (Orc:2)
  10 vault wardens
  Louise (D:15)
  3 draconian scorchers
  A balrug (Abyss:3)
  6 deep elf elementalists
  3 curse skulls
  The ghost of Killmatronix the Slinger, a journeyman OpHu of Sif Muna (D:12)
  A draconian stormcaller (Depths:5)
  10 spriggan defenders
  A draconian shifter (Zot:1)
  12 ghouls
  A draconian annihilator (Depths:5)
  A reaper (Crypt:2)
  21 very ugly things
  2 war gargoyles (Vaults:5)
  19 ironheart preservers
  17 stone giants
  A starcursed mass (Abyss:3)
  4 black draconians
  10 vampire knights
  9 deep elf demonologists
  3 green draconians (Depths:5)
  4 yellow draconians
  7 deep elf annihilators
  6 white draconians
  5 red draconians
  A minotaur (Gauntlet)
  3 purple draconians (Zot:1)
  12 spark wasps
  7 merfolk javelineers
  2 eidola
  10 deep elf death magi
  11 merfolk impalers
  Snorg (D:14)
  12 fire dragons
  17 ettins
  The ghost of emiel the Fighter, a journeyman NaWn of Cheibriados (D:11)
  16 yaktaur captains
  6 great orbs of eyes
  8 death oozes
  2 mummy priests (Crypt:3)
  Josephine (D:12)
  Harold (Orc:1)
  25 ogre magi
  10 jiangshi
  12 boulder beetles
  33 vault guards
  4 deep elf high priests
  14 ice dragons
  7 rakshasas
  5 spriggan air magi
  13 hydras
  21 naga warriors
  3 catoblepae
  5 merfolk avatars
  4 death knights
  12 dancing weapons
  A satyr (Shoals:3)
  13 anacondas
  11 tengu warriors
  2 alligator snapping turtles
  16 centaur warriors
  86 two-headed ogres
  17 deep troll shamans
  An alligator (shapeshifter) (Depths:4)
  4 merfolk aquamancers
  Urug (Lair:1)
  5 vampire magi
  14 death yaks
  5 shock serpents
  13 deep troll earth magi
  5 orc high priests
  A shock serpent (shapeshifter) (Vaults:5)
  15 naga sharpshooters
  8 spriggan berserkers
  A storm dragon zombie (Crypt:3)
  Sonja (Orc:2)
  2 soul eaters (Crypt:3)
  A shadow wraith (Vaults:1)
  4 spriggans
  A titan zombie (Crypt:3)
  Nergalle (D:12)
  13 sea snakes
  A sun demon (Abyss:3)
  7 iron trolls
  5 salamander mystics
  A death drake (shapeshifter) (Depths:4)
  10 hell knights
  18 deep elf knights
  2 fire crabs (Shoals:1)
  18 skeletal warriors
  5 unseen horrors
  4 naga ritualists
  A quicksilver dragon simulacrum (Crypt:1)
  3 glowing orange brains
  2 storm dragon skeletons
  9 flayed ghosts
  3 bog bodies
  3 deep elf archers
  32 deep trolls
  A deep troll (shapeshifter) (Vaults:1)
  A glowing orange brain (shapeshifter) (Vaults:1)
  4 wizards
  16 phantasmal warriors
  17 ironbrand convokers
  A lindwurm (Lair:6)
  13 orc knights
  31 harpies
  14 shining eyes
  3 large abominations
  9 necromancers
  2 mana vipers (shapeshifter)
  A frost giant zombie (Crypt:1)
  18 salamanders
  61 ugly things
  9 wolf spiders
  9 mana vipers
  8 orc sorcerers
  47 deep elf pyromancers
  An oklob plant (Gauntlet)
  A stone giant skeleton (Vaults:4)
  4 fauns
  8 cyclopes
  An eleionoma zombie (Crypt:3)
  2 salamanders (shapeshifter)
  A moth of wrath (Zot:1)
  5 ice statues (IceCv)
  15 manticores
  2 frost giant skeletons (Crypt:3)
  A guardian serpent (shapeshifter) (Vaults:5)
  31 black mambas
  10 merfolk sirens
  Maurice (D:11)
  7 water nymphs
  An eye of devastation (Slime:5)
  23 elephants
  A black mamba (shapeshifter) (Vaults:2)
  An apocalypse crab (Abyss:3)
  7 guardian serpents
  9 vault sentinels
  Psyche (D:11)
  A torpor snail (Gauntlet)
  An eye of devastation (shapeshifter) (Vaults:3)
  25 cane toads
  32 naga magi
  Maggie (D:7)
  4 orange demons (D:11)
  3 smoke demons
  A grey draconian zombie (Crypt:3)
  41 yaktaurs
  6 rime drakes
  A shock serpent skeleton (Crypt:3)
  2 anaconda simulacra (IceCv)
  A cane toad (shapeshifter) (Vaults:4)
  An alligator snapping turtle skeleton (Crypt:2)
  A hellion (Abyss:3)
  A komodo dragon (shapeshifter) (Vaults:4)
  8 komodo dragons
  6 freezing wraiths
  A hellwing (Depths:2)
  2 efreet
  3 guardian mummies (Crypt:3)
  A golden dragon simulacrum (IceCv)
  3 tengu conjurers
  A green draconian skeleton (Crypt:1)
  13 trolls
  A spriggan skeleton (Depths:1)
  A red draconian skeleton (Crypt:2)
  A harpy zombie (Crypt:1)
  43 merfolk
  4 hornets
  A polar bear (shapeshifter) (D:15)
  A queen bee (Depths:3)
  4 red devils
  5 polar bears
  A queen bee (shapeshifter) (Vaults:1)
  An elf skeleton (Vaults:5)
  2 raiju (Abyss:3)
  5 wind drakes
  81 slime creatures
  Grinder (D:3)
  3 meliai (D:13)
  2 slime creatures (shapeshifter) (Vaults:5)
  2 snapping turtles (shapeshifter)
  A satyr zombie (Crypt:1)
  8 dream sheep
  A frost giant simulacrum (Vaults:5)
  A human simulacrum (Vaults:4)
  12 snapping turtles
  A centaur simulacrum (D:11)
  A fire giant simulacrum (Vaults:4)
  16 blink frogs
  18 flying skulls
  6 wyverns
  A vampire (D:14)
  2 shadows
  A satyr skeleton (Crypt:3)
  A dire elephant simulacrum (IceCv)
  A wyvern (shapeshifter) (D:15)
  A redback (shapeshifter) (Vaults:5)
  A yak (shapeshifter) (Vaults:2)
  23 water elementals
  2 ynoxinuls (Abyss:3)
  2 fire elementals
  4 basilisks
  14 wraiths
  5 fire bats
  2 ice dragon skeletons
  78 yaks
  2 hogs (D:12)
  11 golden eyes (Slime:4)
  A chaos spawn (Abyss:3)
  A steam dragon (D:9)
  10 vampire mosquitoes
  Grum (D:8)
  An emperor scorpion simulacrum (Crypt:1)
  51 nagas
  A swamp worm (shapeshifter) (Vaults:5)
  2 harpy simulacra (IceCv)
  2 hydra simulacra (IceCv)
  4 wargs
  A water nymph zombie (Crypt:1)
  A glowing shapeshifter zombie (Crypt:3)
  2 soldier ants
  2 acid dragons
  A floating eye (Depths:3)
  Duvessa (D:7)
  2 hell hounds (Depths:2)
  21 water moccasins
  44 orc warriors
  A tengu skeleton (Depths:1)
  6 phantoms
  2 sky beasts (shapeshifter) (D:15)
  6 small abominations
  5 eyes of draining
  An ice beast (shapeshifter) (Elf:1)
  11 ice beasts
  4 sky beasts
  5 black bears
  2 ettin simulacra
  An eye of draining (shapeshifter) (Vaults:3)
  A swamp dragon zombie (Crypt:1)
  2 necrophages (Crypt:3)
  57 ogres
  An ice dragon simulacrum (Crypt:3)
  5 boggarts
  25 wolves
  An elephant zombie (Crypt:2)
  40 centaurs
  A snapping turtle skeleton (Crypt:2)
  A rime drake zombie (Crypt:1)
  3 big kobolds
  22 bullfrogs
  An earth elemental (Elf:1)
  A scorpion (shapeshifter) (Depths:3)
  Dowan (D:7)
  2 water moccasin skeletons
  5 scorpions
  52 killer bees
  25 wights
  A howler monkey (D:9)
  11 electric eels
  A wolf zombie (Crypt:2)
  2 human zombies
  5 centaur zombies
  A lava snake (Lair:1)
  2 quasits
  An iron imp (Depths:5)
  7 hounds
  2 centaur skeletons
  35 orc priests
  A soldier ant zombie (Crypt:3)
  A jelly (D:14)
  Jessica (D:3)
  Ijyb (D:4)
  Natasha (D:3)
  28 orc wizards
  13 worker ants
  6 iguanas
  A killer bee zombie (D:6)
  4 big kobold zombies
  7 ogre zombies
  An ogre skeleton (Crypt:2)
  A felid skeleton (Crypt:3)
  2 hound zombies
  2 hound skeletons
  A howler monkey zombie (D:5)
  3 mummies
  2 worker ant zombies
  16 adders
  12 gnolls
  4 shadow imps
  8 white imps
  2 ufetubi
  An ooze (D:3)
  4 worms
  A dart slug (D:1)
  8 leopard geckos
  134 orcs
  4 giant cockroaches
  7 goblins
  15 hobgoblins
  8 jackals
  17 kobolds
  3 quokkas (D:3)
  2 ball pythons (D:2)
  6 bats
  2 frilled lizards
  A frilled lizard skeleton (Crypt:2)
  A gnoll zombie (Crypt:1)
  A goblin skeleton (D:10)
  2 goblin zombies
  7 hobgoblin zombies
  4 orc skeletons
  15 orc zombies
  2 quokka skeletons (D:4)
  A quokka zombie (D:7)
  6 rats
  A river rat skeleton (Crypt:3)
  A plant (Lair:5)
2793 creatures vanquished.

Vanquished Creatures (collateral kills)
  The ghost of Niplemora the Devastator, a journeyman DrCj of Hepliaklqana (D:13)
  A very ugly thing (IceCv)
  2 ogre magi
  A deep troll (Depths:3)
  3 ball lightnings
8 creatures vanquished.

Vanquished Creatures (others)
  A tengu reaver (Depths:1)
  An anaconda (Snake:1)
  A two-headed ogre (Vaults:2)
  A black mamba (Snake:1)
  3 merfolk
  A raiju (Abyss:3)
  A human (D:12)
  2 nagas
  A sky beast (D:13)
  An ogre (Vaults:2)
  96 ball lightnings
  12 foxfires
  57 fungi
  285 plants
  71 withered plants
534 creatures vanquished.

Grand Total: 3335 creatures vanquished

Notes
Turn   | Place    | Note
-------+----------+-------------------------------------------
     0 | D:1      | namelastname112 the Draconian Conjurer began the quest for
                  | the Orb.
     0 | D:1      | Reached XP level 1. HP: 14/14 MP: 3/3
    77 | D:1      | Reached XP level 2. HP: 22/22 MP: 0/5
    85 | D:1      | Learned a level 2 spell: Searing Ray
   363 | D:1      | Reached skill level 1 in Fighting
   445 | D:1      | Reached XP level 3. HP: 28/28 MP: 1/6
  1303 | D:2      | Reached XP level 4. HP: 20/36 MP: 0/7
  1656 | D:2      | Found a shadowy altar of Dithmenos.
  1666 | D:2      | Learned a level 4 spell: Iskenderun's Mystic Blast
  1666 | D:2      | Found a glowing silver altar of Zin.
  1671 | D:2      | Found a hide-covered altar of Uskayaw.
  1727 | D:2      | Became a worshipper of Dithmenos the Shadowed
  1822 | D:2      | Found a stormy altar of Qazlal.
  2234 | D:2      | Reached skill level 1 in Translocations
  2563 | D:3      | You fall into a shaft and drop 2 floors!
  2563 | D:5      | Entered Level 5 of the Dungeon
  2563 | D:5      | Found a staircase to the Ecumenical Temple.
  2639 | D:5      | Reached XP level 5. HP: 41/41 MP: 6/9
  2665 | D:5      | Reached skill level 5 in Conjurations
  2748 | D:5      | Noticed an ogre
  2767 | D:5      | Killed an ogre
  2768 | D:5      | Reached XP level 6. HP: 44/50 MP: 2/10
  2869 | D:5      | Found a sparkling altar of Nemelex Xobeh.
  2905 | D:5      | Found a sand-covered staircase.
  2913 | Ossuary  | Entered an ossuary
  3138 | Ossuary  | Reached * piety under Dithmenos
  3760 | D:5      | Your scales start taking on a glossy black colour.
  3760 | D:5      | Reached XP level 7. HP: 49/57 MP: 2/12
  3760 | D:5      | Gained mutation: You are resistant to electric shocks.
                  | (rElec) [Black Draconian growth]
  4131 | D:3      | Noticed Grinder
  4148 | D:3      | Learned a level 3 spell: Mephitic Cloud
  4253 | D:3      | Killed Grinder
  4254 | D:3      | Reached skill level 1 in Air Magic
  4369 | D:3      | You fall into a shaft and drop 3 floors!
  4513 | D:5      | Reached skill level 2 in Air Magic
  4581 | D:5      | Reached XP level 8. HP: 61/66 MP: 6/14
  4650 | D:3      | Noticed Jessica
  4653 | D:3      | Killed Jessica
  4740 | D:3      | Reached ** piety under Dithmenos
  4917 | D:3      | Found a stormy altar of Qazlal.
  5039 | D:3      | Noticed Natasha
  5045 | D:3      | Killed Natasha
  5689 | D:4      | Got a slimy short sword
  5799 | D:4      | Identified the +9 short sword of the Everdark {protect, rN+
                  | Int+4} (You found it on level 4 of the Dungeon)
  5899 | D:4      | Noticed Ijyb
  5906 | D:4      | Killed Ijyb
  5907 | D:4      | Reached skill level 3 in Air Magic
  7787 | D:6      | Reached skill level 5 in Fighting
  7787 | D:6      | Reached skill level 4 in Air Magic
  7817 | D:6      | Reached *** piety under Dithmenos
  7891 | D:7      | Reached skill level 5 in Spellcasting
  8006 | D:6      | Reached XP level 9. HP: 32/74 MP: 16/16
  8268 | D:7      | Noticed a two-headed ogre
  8292 | D:6      | Reached skill level 5 in Dodging
  8428 | D:6      | Killed a two-headed ogre
  8429 | D:6      | Reached skill level 5 in Air Magic
  8659 | D:7      | Noticed a four-headed hydra
  9018 | D:7      | Killed a four-headed hydra
  9019 | D:7      | Reached skill level 6 in Air Magic
  9448 | D:7      | Reached XP level 10. HP: 84/84 MP: 13/19
  9483 | D:7      | Noticed Duvessa
  9488 | D:7      | Killed Duvessa
  9488 | D:7      | Noticed Dowan
  9491 | D:7      | Killed Dowan
  9491 | D:7      | Reached **** piety under Dithmenos
  9563 | D:7      | Noticed Maggie
  9575 | D:7      | Killed Maggie
 10511 | D:8      | Reached skill level 7 in Air Magic
 10530 | D:8      | Noticed Grum
 10535 | D:8      | Killed Grum
 11376 | D:8      | Reached ***** piety under Dithmenos
 11479 | D:8      | Found a staircase to the Lair.
 12211 | D:9      | Noticed a two-headed ogre
 12222 | D:9      | Killed a two-headed ogre
 12223 | D:9      | Reached skill level 8 in Air Magic
 12223 | D:9      | Reached XP level 11. HP: 69/94 MP: 4/21
 13346 | D:9      | Found a runed translucent gate.
 13346 | D:9      | Found a runed translucent gate.
 13346 | D:9      | Found a runed translucent gate.
 13346 | D:9      | Noticed a brown ugly thing
 13347 | D:9      | Noticed a brown ugly thing
 13356 | D:9      | Noticed a brown ugly thing
 13385 | D:9      | Killed a red ugly thing
 13386 | D:9      | Killed a white ugly thing
 13388 | D:9      | Killed a brown ugly thing
 13451 | D:9      | Found a runed translucent gate.
 13451 | D:9      | Found a runed translucent gate.
 13453 | D:9      | Noticed hark's ghost (novice MiFi)
 13454 | D:9      | Found a runed translucent gate.
 13661 | D:9      | Identified a scroll of acquirement
 13661 | D:9      | Acquired the Volume of the Creative Blaze
 13665 | D:9      | Learned a level 1 spell: Foxfire
 13668 | D:9      | Learned a level 2 spell: Blink
 13675 | D:10     | Entered Level 10 of the Dungeon
 13735 | D:10     | Noticed a deep elf mage
 13739 | D:10     | Killed a deep elf mage
 13840 | D:10     | Found a staircase to the Orcish Mines.
 14671 | D:10     | Reached skill level 9 in Air Magic
 14675 | D:10     | Noticed a two-headed ogre
 14702 | D:10     | Killed a two-headed ogre
 15587 | D:10     | Found Omaics's Assorted Antiques.
 15592 | D:10     | Bought a leatherbound book for 435 gold pieces
 15592 | D:10     | Bought a metal-bound book for 435 gold pieces
 15598 | D:10     | Learned a level 5 spell: Lightning Bolt
 15783 | D:11     | Noticed a centaur warrior
 15792 | D:11     | Killed a centaur warrior
 15793 | D:11     | Reached skill level 1 in Invocations
 15903 | D:11     | Reached XP level 12. HP: 81/105 MP: 9/24
 16137 | D:11     | Found a gate leading to a gauntlet.
 16141 | Gauntlet | Entered a Gauntlet
 16141 | Gauntlet | Found a transporter.
 16141 | Gauntlet | Found a transporter.
 16141 | Gauntlet | Found a transporter.
 16142 | Gauntlet | Found a transporter.
 16143 | Gauntlet | Found a transporter.
 16147 | Gauntlet | Found a transporter.
 16153 | Gauntlet | Found a transporter.
 16154 | Gauntlet | Found a transporter.
 16155 | Gauntlet | Found a transporter.
 16157 | Gauntlet | Found a transporter.
 16160 | Gauntlet | Noticed a four-headed hydra
 16166 | Gauntlet | Found a transporter.
 16168 | Gauntlet | Found a transporter.
 16333 | Gauntlet | Reached skill level 10 in Conjurations
 16474 | Gauntlet | Reached skill level 10 in Air Magic
 16591 | Gauntlet | Killed a four-headed hydra
 16755 | Gauntlet | Noticed a minotaur
 16875 | Gauntlet | Killed a minotaur
 17118 | D:11     | Found a runed translucent door.
 17118 | D:11     | Noticed emiel's ghost (journeyman NaWn)
 17408 | D:11     | Reached skill level 10 in Fighting
 17550 | D:11     | Noticed a two-headed ogre
 17952 | D:11     | Noticed Psyche
 17955 | D:11     | Paralysed by Psyche for 6 turns
 17963 | D:11     | Killed Psyche
 17977 | D:11     | Killed a two-headed ogre
 19007 | D:11     | Killed emiel's ghost
 19149 | D:12     | Noticed Maurice
 19162 | D:11     | Killed Maurice
 19614 | D:12     | Found a runed translucent door.
 19618 | D:12     | Noticed Killmatronix's ghost (journeyman OpHu)
 19673 | D:12     | Killed Killmatronix's ghost
 19674 | D:12     | Reached skill level 5 in Invocations
 19674 | D:12     | Reached XP level 13. HP: 65/114 MP: 2/26
 19907 | D:12     | Found Nueprus's Book Boutique.
 20096 | D:12     | Reached skill level 11 in Air Magic
 20108 | D:12     | Reached skill level 1 in Evocations
 20320 | D:12     | Noticed Josephine
 20329 | D:12     | Killed Josephine
 20666 | D:12     | Reached ****** piety under Dithmenos
 20740 | D:12     | Noticed Kirke
 20748 | D:12     | Killed Kirke
 21106 | D:12     | Noticed Nergalle
 21119 | D:12     | Killed Nergalle
 22755 | D:13     | Found a gate to the Vaults.
 23671 | D:14     | Reached skill level 5 in Evocations
 23910 | D:14     | Noticed Snorg
 23915 | D:14     | Killed Snorg
 24425 | D:14     | Found a runed translucent door.
 24425 | D:14     | Noticed Niplemora's ghost (journeyman DrCj)
 24813 | D:14     | Identified the ring "Milisuk" {rF+ Int+6 Dex+5}
 24814 | D:14     | Gained mutation: Your large and strong wings let you fly
                  | indefinitely. [Black Draconian growth]
 24814 | D:14     | Reached XP level 14. HP: 109/124 MP: 7/27
 25288 | D:13     | Killed Niplemora's ghost
 25289 | D:13     | Reached skill level 10 in Spellcasting
 25524 | D:14     | Reached skill level 10 in Dodging
 25655 | D:15     | Entered Level 15 of the Dungeon
 25738 | D:14     | Reached skill level 12 in Air Magic
 25815 | D:15     | Found Roasy's Magic Scroll Shoppe.
 25815 | D:15     | Noticed Louise
 25818 | D:15     | Killed Louise
 26639 | D:15     | Found Afumiuw's Antique Weapon Boutique.
 26667 | D:15     | Bought a scroll of blinking for 135 gold pieces
 26667 | D:15     | Bought a scroll of teleportation for 54 gold pieces
 26705 | D:15     | Found Nirogah's Assorted Antiques.
 26713 | D:15     | Bought a pair of transparent boots for 294 gold pieces
 26723 | D:15     | Identified the +0 pair of boots "Cius" {rF+ Will+ Str-3
                  | Dex+3} (You bought it in a shop on level 15 of the Dungeon)
 27680 | D:15     | Found a staircase to the Depths.
 27763 | D:15     | Found Loly's Antique Armour Emporium.
 28086 | Lair:1   | Entered Level 1 of the Lair of Beasts
 28224 | Lair:1   | Noticed Urug
 28230 | Lair:1   | Killed Urug
 29326 | Lair:2   | Found a staircase to the Snake Pit.
 29873 | Lair:2   | Found a runed translucent gate.
 29873 | Lair:2   | Found a runed translucent gate.
 29873 | Lair:2   | Found a runed translucent gate.
 29874 | Lair:2   | Noticed Toral's ghost (journeyman BaSk)
 31198 | Lair:3   | Reached XP level 15. HP: 132/132 MP: 23/29
 31401 | Lair:3   | Found a staircase to the Shoals.
 32225 | Lair:3   | You are sucked into a shaft and drop 1 floor!
 32533 | Lair:4   | Reached skill level 13 in Air Magic
 33437 | Lair:3   | Got a jewelled trident
 33438 | Lair:3   | Identified the +7 trident of Abuse {vorpal, MP+9 Str+5
                  | Int+2} (You found it on level 3 of the Lair of Beasts)
 35123 | Lair:5   | Found a viscous altar of Jiyva.
 35123 | Lair:5   | Found a staircase to the Slime Pits.
 35909 | Lair:6   | Entered Level 6 of the Lair of Beasts
 36983 | Lair:6   | Reached XP level 16. HP: 126/143 MP: 15/31
 36984 | Lair:6   | Reached skill level 10 in Evocations
 37945 | Orc:1    | Entered Level 1 of the Orcish Mines
 37958 | Orc:1    | Noticed Jorgrun
 38112 | Orc:1    | Killed Jorgrun
 38300 | Orc:2    | Entered Level 2 of the Orcish Mines
 38478 | Orc:2    | epen: ??Jorgun
 38479 | Orc:2    | beem: Jorgun ~ jorgrun[1/8]: A dwarven earth mage, with
                  | iron shot, LRD, petrify, and dig. Prior to 0.22, had
                  | {shatter} instead of iron shot, and placed later, appearing
                  | additionally in Vaults, Crypt, Depths, and Tomb.
 38499 | Orc:1    | Noticed Harold
 38505 | Orc:1    | Killed Harold
 39012 | Orc:2    | Noticed Sonja
 39016 | Orc:2    | Killed Sonja
 39686 | Orc:2    | Found a staircase to the Elven Halls.
 39808 | Orc:2    | Reached skill level 14 in Air Magic
 40241 | Orc:2    | Found Lonn's Antique Armour Emporium.
 40260 | Orc:2    | Found a roughly hewn altar of Beogh.
 40387 | Orc:2    | Found Kasom's Distillery.
 40397 | Orc:2    | Bought a potion of heal wounds for 65 gold pieces
 40397 | Orc:2    | Bought 2 potions of heal wounds for 130 gold pieces
 41155 | Orc:2    | Found a roughly hewn altar of Beogh.
 41579 | Orc:2    | Found Emayrid's Jewellery Emporium.
 41598 | Orc:2    | Found Osaczoav's Antique Weapon Shoppe.
 41953 | Elf:1    | Entered Level 1 of the Elven Halls
 42368 | Elf:1    | You are sucked into a shaft and drop 1 floor!
 42370 | Elf:2    | Noticed a deep elf master archer
 42390 | Elf:2    | Killed a deep elf master archer
 42548 | Elf:2    | Found a frozen archway.
 42552 | IceCv    | Entered an ice cave
 44086 | Elf:1    | Noticed Klosterheim's ghost (journeyman DECj)
 44087 | Elf:1    | Found a runed translucent door.
 44625 | Elf:2    | Reached XP level 17. HP: 151/151 MP: 18/33
 45078 | Elf:2    | Found a huge runed translucent gate.
 45078 | Elf:2    | Found a huge runed translucent gate.
 45078 | Elf:2    | Found a huge runed translucent gate.
 45081 | Elf:2    | Found a huge runed translucent gate.
 45082 | Elf:2    | Found a huge runed translucent gate.
 45604 | Elf:3    | Entered Level 3 of the Elven Halls
 46168 | Elf:3    | Found Biuhilo's Jewellery Boutique.
 46589 | Snake:1  | Entered Level 1 of the Snake Pit
 46591 | Snake:1  | Found a flickering gateway to a bazaar.
 46601 | Bazaar   | Entered a bazaar
 46601 | Bazaar   | Found Itick's Antique Armour Shoppe.
 46601 | Bazaar   | Found Fuosso's Antique Weapon Shop.
 46659 | Bazaar   | Found Qatiaw's Antique Weapon Shop.
 46673 | Bazaar   | Found Xiuxug's Distillery.
 46677 | Bazaar   | Found Ymnu's Distillery.
 48299 | D:12     | Bought a book of Ice for 1170 gold pieces
 48306 | D:12     | Learned a level 6 spell: Freezing Cloud
 48901 | Elf:3    | Reached skill level 1 in Ice Magic
 49109 | Elf:3    | Noticed a deep elf blademaster
 49118 | Elf:3    | Reached skill level 15 in Air Magic
 49118 | Elf:3    | Killed a deep elf blademaster
 49154 | Elf:3    | Noticed a Hell Sentinel
 49156 | Elf:3    | Cast into level 3 of the Abyss (a deep elf demonologist)
 49266 | Abyss:3  | Gained mutation: Your skin changes colour to match your
                  | surroundings (Stealth+). [a neqoxec]
 49672 | Abyss:3  | Found a corrupted altar of Lugonu.
 49710 | Elf:3    | Escaped the Abyss
 49807 | Elf:3    | Identified the +7 whip "Todifecel" {distort, rPois Str+4}
 50104 | Elf:3    | Noticed a deep elf master archer
 50110 | Elf:3    | Killed a deep elf master archer
 50273 | Elf:3    | Noticed a deep elf master archer
 50279 | Elf:3    | Killed a deep elf master archer
 50431 | Elf:3    | Identified the +7 scimitar of Cruel Justice {vorpal, +Fly
                  | Int-5 Dex+5}
 50438 | Elf:3    | Identified the +9 plate armour of Fashionability {Dex+4}
 50438 | Elf:3    | Noticed a deep elf blademaster
 50455 | Elf:3    | Killed a deep elf blademaster
 50547 | Elf:3    | Reached skill level 5 in Ice Magic
 50725 | Elf:3    | Identified the +6 hand axe of Dominance {vorpal, Str+4}
 51104 | Elf:3    | Identified the Handbook of the Arsonist and the Compass
 51782 | Snake:2  | Reached XP level 18. HP: 145/160 MP: 26/34
 51867 | Snake:1  | Reached skill level 1 in Shields
 52493 | Snake:2  | Found Egotid's Antique Armour Emporium.
 52493 | Snake:2  | Found Sogul Isa's Weapon Shoppe.
 52497 | Snake:2  | Found Haiwexem's Distillery.
 52505 | Snake:2  | Bought a potion of heal wounds for 70 gold pieces
 52505 | Snake:2  | Bought a potion of heal wounds for 70 gold pieces
 52505 | Snake:2  | Bought a potion of heal wounds for 70 gold pieces
 52772 | Snake:2  | Found an ornate altar of the Wu Jian Council.
 52795 | Snake:2  | Noticed Aizul
 52801 | Snake:2  | Killed Aizul
 53395 | Snake:2  | Noticed Asterion
 53398 | Snake:2  | Killed Asterion
 53516 | Snake:2  | You are sucked into a shaft and drop 1 floor!
 55405 | Snake:3  | Reached skill level 5 in Shields
 55529 | Snake:3  | Reached skill level 15 in Fighting
 55614 | Snake:4  | Entered Level 4 of the Snake Pit
 55668 | Snake:4  | Found Igemeer's Gadget Shop.
 55692 | Snake:4  | Found Sojol's Jewellery Emporium.
 55693 | Snake:4  | Found Qaskoyl's Gadget Shop.
 55838 | Snake:4  | Bought an uncursed amulet of magic regeneration for 360
                  | gold pieces
 56990 | Snake:4  | Reached skill level 16 in Air Magic
 57503 | Snake:4  | Reached XP level 19. HP: 170/170 MP: 30/36
 58431 | Snake:4  | Got a serpentine rune of Zot
 58873 | Vaults:1 | Entered Level 1 of the Vaults
 60360 | Vaults:1 | Noticed a Tzitzimitl
 61043 | Vaults:2 | Reached skill level 10 in Ice Magic
 61893 | Vaults:2 | Reached XP level 20. HP: 152/180 MP: 3/37
 62346 | Vaults:2 | Reached skill level 17 in Air Magic
 63370 | Vaults:2 | Reached skill level 18 in Air Magic
 63570 | Vaults:2 | Noticed a bone dragon
 63600 | Vaults:2 | Killed a bone dragon
 63706 | Vaults:2 | Found a staircase to the Crypt.
 65121 | Vaults:3 | Noticed Saint Roka
 65154 | Vaults:3 | Killed Saint Roka
 65155 | Vaults:3 | Reached skill level 19 in Air Magic
 65558 | Vaults:3 | Noticed Mennas
 66030 | Vaults:4 | Reached skill level 15 in Spellcasting
 66318 | Vaults:4 | Reached XP level 21. HP: 187/187 MP: 26/40
 66597 | Vaults:4 | Found Noucapra's Jewellery Emporium.
 66605 | Vaults:4 | Reached skill level 20 in Air Magic
 68631 | Shoals:1 | Entered Level 1 of the Shoals
 68631 | Shoals:1 | Found a runed translucent door.
 68740 | Shoals:1 | Noticed Vugicoz's ghost (adept MiFi)
 68767 | Shoals:1 | Found Gyit's Antique Armour Shoppe.
 68985 | Shoals:1 | Learned a level 9 spell: Tornado
 69250 | Shoals:1 | Found Muohunn's Armour Emporium.
 69305 | Shoals:1 | Reached skill level 21 in Air Magic
 69631 | Shoals:1 | Killed Vugicoz's ghost
 69885 | Shoals:2 | Noticed Ilsuiw
 69892 | Shoals:2 | Killed Ilsuiw
 70095 | Shoals:2 | Noticed Donald
 70116 | Shoals:2 | Killed Donald
 70307 | Shoals:2 | Noticed Polyphemus
 70311 | Shoals:2 | Killed Polyphemus
 71516 | Shoals:3 | Reached skill level 22 in Air Magic
 72467 | Shoals:4 | Entered Level 4 of the Shoals
 72479 | Shoals:4 | Reached XP level 22. HP: 189/194 MP: 18/42
 72754 | Shoals:4 | Identified the +6 broad axe of Responsibility {venom, rElec
                  | rC+ Dex+3}
 73073 | Shoals:4 | Got a smoking ivory ring
 73077 | Shoals:4 | Identified the ring "Hahewnov" {*Tele rF+ Str+9 Int-2
                  | Slay+3} (You found it on level 4 of the Shoals)
 73788 | Shoals:4 | Got a barnacled rune of Zot
 74627 | Depths:1 | Entered Level 1 of the Depths
 74638 | Depths:1 | Noticed Bai Suzhen
 74897 | D:15     | Killed Bai Suzhen
 75114 | Depths:1 | Reached skill level 23 in Air Magic
 75364 | Depths:1 | Noticed the Enchantress
 75477 | Depths:1 | Killed the Enchantress
 75786 | Depths:1 | Noticed Sojobo
 76174 | Depths:1 | Killed Sojobo
 76445 | Depths:1 | You fall into a shaft and drop 1 floor!
 76452 | Depths:2 | Reached skill level 24 in Air Magic
 77199 | Depths:2 | Noticed a juggernaut
 77203 | Depths:2 | Noticed a golden dragon
 77208 | Depths:2 | Killed a juggernaut
 77221 | Depths:2 | Killed a golden dragon
 77222 | Depths:2 | Reached XP level 23. HP: 179/201 MP: 1/44
 78288 | Depths:2 | Found a gateway to Hell.
 78570 | Depths:1 | Found a glowing golden altar of the Shining One.
 78973 | Depths:3 | Reached skill level 25 in Air Magic
 79231 | Depths:3 | Noticed a caustic shrike
 79243 | Depths:3 | Killed a caustic shrike
 79283 | Depths:3 | Noticed a caustic shrike
 80391 | Depths:3 | Killed a caustic shrike
 80536 | Depths:3 | Noticed a caustic shrike
 80545 | Depths:3 | Killed a caustic shrike
 80864 | Depths:3 | Learned a level 6 spell: Conjure Ball Lightning
 81103 | Depths:3 | Identified the ring "Tiykk" {rN+ Str+6 Int+4 Dex+3}
 81349 | Depths:3 | Reached XP level 24. HP: 114/212 MP: 16/45
 81727 | Depths:3 | Identified the ring of the Briny Deep {rF- rC- EV+4 Int+8
                  | Stlth+}
 81923 | Depths:3 | Found a one-way gate leading to the halls of Pandemonium.
 81977 | Depths:3 | Got a pair of bloodstained boots
 81978 | Depths:3 | Identified the cursed +0 pair of boots of Weirdness {rElec
                  | Will- Int+4} (You found it on level 3 of the Depths)
 81983 | Depths:3 | Identified the Reference Book on Creation and Flight
 81990 | Depths:3 | Learned a level 4 spell: Airstrike
 83523 | Depths:4 | Noticed a juggernaut
 83885 | Depths:4 | Killed a juggernaut
 84338 | Depths:4 | Found a one-way gate to the infinite horrors of the Abyss.
 84415 | Depths:4 | Reached skill level 15 in Conjurations
 84620 | Depths:4 | Found a runed translucent door.
 84620 | Depths:4 | Found a runed translucent door.
 84624 | Depths:4 | Found a runed translucent door.
 84640 | Depths:4 | Identified the ring of Tiynuer {rElec rN+++ Will+ Str-2
                  | Dex-5}
 85440 | Depths:4 | Found a gateway to a ziggurat.
 85447 | Depths:4 | Reached skill level 15 in Dodging
 85996 | Depths:5 | Entered Level 5 of the Depths
 86548 | Depths:5 | Noticed a juggernaut
 86552 | Depths:5 | Killed a juggernaut
 87697 | Depths:5 | Reached XP level 25. HP: 216/217 MP: 31/45
 88398 | Depths:5 | Reached skill level 26 in Air Magic
 88627 | Depths:5 | Found a runed translucent door.
 88636 | Depths:5 | Found a runed translucent door.
 88640 | Depths:5 | Found a runed translucent door.
 88651 | Depths:5 | Found a runed translucent door.
 89014 | Depths:5 | Found a runed translucent door.
 89021 | Depths:5 | Found a runed translucent door.
 89387 | Depths:5 | Found a gate to the Realm of Zot.
 89873 | Vaults:5 | Entered Level 5 of the Vaults
 91143 | Vaults:5 | Identified the +5 ring mail of the Midnight Sun {rC- Str+5}
 91151 | Vaults:5 | Reached XP level 26. HP: 200/232 MP: 34/46
 91268 | Vaults:5 | Noticed an ancient lich
 91752 | Vaults:5 | Killed an ancient lich
 91753 | Vaults:5 | Reached skill level 15 in Evocations
 92128 | Vaults:5 | Found the +7 Kryia's mail coat {PotionHeal*2 rC+}
 92130 | Vaults:5 | Found the +12 glaive of Prune {vorpal}
 92132 | Vaults:5 | Found the +2 Maxwell's thermic engine {flame, freeze}
 92545 | Vaults:5 | Got a pair of masterwork boots
 92546 | Vaults:5 | Identified the +1 pair of boots "Otanishry" {rN+} (You
                  | found it on level 5 of the Vaults)
 92659 | Vaults:5 | Identified Sif Muna's Incunabulum of the Crushed Curses
 92853 | Vaults:5 | Got a silver rune of Zot
 93468 | Slime:1  | Entered Level 1 of the Pits of Slime
 93470 | Slime:1  | Gained mutation: You are clumsy. (Dex -2) [a shining eye]
 93470 | Slime:1  | Gained mutation: Your spells are a little easier to cast,
                  | but a little less powerful. [a shining eye]
 93726 | Slime:3  | Gained mutation: You are weak. (Str -2) [a shining eye]
 93960 | Slime:5  | Entered Level 5 of the Pits of Slime
 94076 | Slime:5  | Noticed the Royal Jelly
 94202 | Slime:5  | Killed the Royal Jelly
 94475 | Slime:5  | Got a sparkling emerald amulet
 94476 | Slime:5  | Identified the amulet of Riolutza {Inacc *Contam Will+
                  | Dex+6} (You found it on level 5 of the Pits of Slime)
 94488 | Slime:5  | Got a twitching copper ring
 94489 | Slime:5  | Identified the ring "Nozery" {Fire Will+ Int-4 Slay+4} (You
                  | found it on level 5 of the Pits of Slime)
 94513 | Slime:5  | Found the cursed necklace of Bloodlust {*Rage +Rage Will++
                  | Int-3 Slay+6 *Curse}
 94575 | Slime:5  | Identified the Grimoire of Aerial Venom
 94578 | Slime:5  | Got a slimy rune of Zot
 94691 | Lair:5   | Lost mutation: You are weak. (Str -2) [potion of mutation]
 94691 | Lair:5   | Lost mutation: You are clumsy. (Dex -2) [potion of
                  | mutation]
 94691 | Lair:5   | Gained mutation: You have large cloven feet. [potion of
                  | mutation]
 94691 | Lair:5   | Gained mutation: Your tail ends in a poisonous barb.
                  | [potion of mutation]
 94692 | Lair:5   | Lost mutation: Your spells are a little easier to cast, but
                  | a little less powerful. [potion of mutation]
 94692 | Lair:5   | Lost mutation: You have large cloven feet. [potion of
                  | mutation]
 94692 | Lair:5   | Gained mutation: You are frail. (-10% HP) [potion of
                  | mutation]
 94692 | Lair:5   | Gained mutation: Your muscles are strong. (Str +2) [potion
                  | of mutation]
 94693 | Lair:5   | Lost mutation: Your tail ends in a poisonous barb. [potion
                  | of mutation]
 94693 | Lair:5   | Lost mutation: Your muscles are strong. (Str +2) [potion of
                  | mutation]
 94693 | Lair:5   | Gained mutation: You are clumsy. (Dex -2) [potion of
                  | mutation]
 94693 | Lair:5   | Lost mutation: You are clumsy. (Dex -2) [potion of
                  | mutation]
 94694 | Lair:5   | Lost mutation: You are frail. (-10% HP) [potion of
                  | mutation]
 94694 | Lair:5   | Gained mutation: You expend magic power (3 MP) to
                  | strengthen your wands. [potion of mutation]
 94694 | Lair:5   | Gained mutation: Your tail ends in a poisonous barb.
                  | [potion of mutation]
 95040 | Crypt:1  | Entered Level 1 of the Crypt
 95703 | Crypt:1  | Found a runed translucent door.
 95703 | Crypt:1  | Noticed Baotha's ghost (adept GrFi)
 98053 | Crypt:3  | Entered Level 3 of the Crypt
 98063 | Crypt:3  | Reached skill level 27 in Air Magic
 98473 | Crypt:3  | Reached XP level 27. HP: 244/244 MP: 39/46
 99163 | Crypt:3  | Noticed an ancient lich
 99169 | Crypt:3  | Killed an ancient lich
 99523 | Crypt:3  | Identified the ring "Mopt" {*Slow +Inv rC+++ rN+ Stlth+}
 99888 | Crypt:3  | Identified the ring "Optoique" {rN+ Str+2}
100035 | Crypt:3  | Found an ancient bone altar of Kikubaaqudgha.
100041 | Crypt:3  | Found a basalt altar of Yredelemnul.
100088 | Crypt:3  | Found the +7 great mace "Undeadhunter" {disrupt, rN+}
100125 | Crypt:3  | Got a bound pewter ring
100126 | Crypt:3  | Identified the ring "Dythrig" {+Inv Will+ Dex-2 Stlth-}
                  | (You found it on level 3 of the Crypt)
100129 | Crypt:3  | Got a translucent sapphire amulet
100130 | Crypt:3  | Identified the amulet "Ewajott" {Spirit +Inv rF+++ Will-
                  | Dex+4} (You found it on level 3 of the Crypt)
100132 | Crypt:3  | Identified Cerebov's Compendium of the Dusty Arsonist
100488 | Crypt:3  | Found a staircase to the Tomb.
100757 | Crypt:3  | Found a basalt altar of Yredelemnul.
101315 | Zot:1    | Entered Level 1 of the Realm of Zot
101316 | Zot:1    | Upgraded the game from 0.27-a0-155-g177a798329 to
                  | 0.27-a0-223-ge082b6e869
102143 | Zot:1    | Mangled by a death cob

Illustrated notes

Levels and vault maps discovered:
D:1:      dpeg_arrival_snail, layout_rooms, serial_bayou_lake_a
D:2:      layout_rooms, general_overflow_altar,
          minmay_overflow_temple_star_quad, serial_forest,
          infiniplex_forest_clump_double, infiniplex_forest_end_2,
          infiniplex_forest_side_room, infiniplex_forest_clump_small,
          infiniplex_forest_side_room, infiniplex_forest_clump_C,
          infiniplex_forest_lined_2, infiniplex_forest_diagonal,
          infiniplex_forest_lined_2
D:3:      layout_basic, grunt_qazlal_clouds, uniq_natasha, uniq_jessica,
          uniq_grinder
D:4:      layout_gridville, uniq_ijyb
D:5:      layout_cave_pools, minmay_temple_entry_trees,
          gup_ossuary_entry_pyramid, basic_altar
D:6:      layout_loops_cross
D:7:      layout_layer_cave, roderic_lattice_a, uniq_duvessa, uniq_maggie
D:8:      layout_rooms, grunt_lair_entry_orc_guard_hut, kennysheep_another_room,
          uniq_grum
D:9:      layout_long_grid, ploomutoo_gammafunk_ghost_potion_laboratory
D:10:     layout_loops_corners, zombieorc1_lemuel, serial_shops,
          kennysheep_little_box
D:11:     layout_layer_cave, ebering_ghost_inner_flame, gauntlet_entry_generic,
          minmay_beelzebubs_servants, uniq_psyche
D:12:     layout_loops_ring, serial_shops, shop, gammafunk_ghost_grave,
          minmay_holes, uniq_nergalle, uniq_kirke, uniq_josephine, uniq_maurice
D:13:     layout_cave_pools, david_vaults_1
D:14:     layout_cave_pods, ebering_ghost_inner_flame, hangedman_decor_opposing,
          chequers_serial_rivers_room_a, amcnicky_mini_pool_small, uniq_snorg
D:15:     gammafunk_enter_depths_forms, layout_loops_ring, serial_glass,
          glass_columns_a, glass_columns_a, glass_columns_b,
          palyth_stone_intersect, serial_shops, nicolae_shop_trees, shop_statue,
          shop_fountains, shop, uniq_louise
Lair:1:   layout_gridlike, uniq_urug
Lair:2:   layout_gridlike, maelrawn_ghost_gauntlet_escape, grunt_megastairs_4,
          serial_bayou_shore_a
Lair:3:   nzn_winding_woodlands_large [nzn_winding_woodlands_5x5_closed_star,
          nzn_winding_woodlands_5x15_pool,
          nzn_winding_woodlands_5x5_checkerboard,
          nzn_winding_woodlands_center_pierced_h,
          nzn_winding_woodlands_15x15_killbox,
          nzn_winding_woodlands_center_diamonds,
          nzn_winding_woodlands_5x5_perimeter,
          nzn_winding_woodlands_5x15_concentric,
          nzn_winding_woodlands_5x5_three], layout_loops_ring,
          shoals_dummy_entry, serial_bayou, serial_bayou_shore_b,
          serial_bayou_pond_e, serial_bayou_lagoon_a, serial_bayou_ford_a
Lair:4:   layout_regular_city, bobbens_ice_dragon_lair
Lair:5:   layout_roguey, dpeg_slime_entry_enclosed_altar, serial_bayou_shore_b,
          grunt_megastairs_2, infiniplex_staircase_pool
Lair:6:   grunt_lair_end_beastmaster, layout_long_grid, serial_forest,
          infiniplex_forest_zigzag_1, infiniplex_forest_straight_3,
          infiniplex_forest_lined_room_2, infiniplex_forest_lined_room_2,
          infiniplex_forest_clump_double, infiniplex_forest_diagonal,
          infiniplex_forest_straight_1, infiniplex_forest_clump_small
Shoals:1: layout_shoals, gammafunk_ghost_grave, serial_shops,
          nicolae_shop_window_shopping, nicolae_shop_waterfront,
          hangedman_shoal_volcano
Shoals:2: layout_shoals, centaur_isle, uniq_polyphemus, uniq_ilsuiw, uniq_donald
Shoals:3: layout_shoals, nicolae_shoals_so_close
Shoals:4: shoals_end_simple, layout_shoals
Snake:1:  layout_basic, serial_shops, freezing_bzr
Snake:2:  layout_layer_cave, basic_altar, grunt_megastairs_1, minmay_shop_star,
          uniq_aizul, uniq_asterion
Snake:3:  nicolae_cobra_stairs, layout_misc_corridors
Snake:4:  snake_pit, layout_onion, serial_bayou_pond_e, serial_bayou_shore_b,
          lemuel_fruit_tree, minmay_shop_grove
Slime:1:  layout_caves
Slime:2:  layout_caves, nicolae_slime_welcoming_committee
Slime:3:  layout_caves
Slime:4:  layout_caves
Slime:5
Orc:1:    layout_caves, uniq_jorgrun, uniq_harold
Orc:2:    pubby_orc_utopia, uniq_sonja
Elf:1:    minmay_elf_arrival_plus, layout_rooms, ebering_ghost_inner_flame,
          minivault_28
Elf:2:    layout_gridlike, portal_ice_cave_entry_pillars_1, guppyfry_elf_garden
Elf:3:    elf_hall_gauntlet_wide, layout_geoelf_castle, serial_shops,
          nicolae_shop_behind_doors, drop_trap
Vaults:1: nicolae_vaults_asterisk, hangedman_vaults_cutoff,
          hangedman_vaults_hat, ontoclasm_vaults_ring_small, v_alt_pattern_2,
          hangedman_vaults_stretched_pinwheel, grunt_vaults_hallway_short,
          grunt_vaults_hallway_short, nicolae_vaults_quartermaster,
          ontoclasm_vaults_pinch, ontoclasm_vaults_decontamination,
          layout_vaults_omnicross
Vaults:2: hangedman_vaults_impose, ontoclasm_vaults_twist,
          vaults_standard_mumra_lines, ontoclasm_vaults_idyll,
          grunt_vaults_funnel, nicolae_vaults_specimen_jars, v_misc_17,
          minmay_crypt_entry_nasty_monster, ontoclasm_vaults_ligature,
          ontoclasm_vaults_spin, vaults_mumra_hex, ontoclasm_vaults_chip,
          layout_vaults_big_room
Vaults:3: v_alt_pattern_5, v_misc_12, nicolae_vaults_ninety_degrees,
          vaults_room_hangedman_quadrants, nicolae_vaults_mini_display_case,
          ontoclasm_vaults_gateway, layout_vaults_omnigrid, uniq_mennas,
          uniq_saint_roka
Vaults:4: vaults_mumra_hexcomb, nicolae_vaults_rhombus_6, v_misc_3,
          nicolae_vaults_little_squares_5, v_misc_8,
          hangedman_vaults_variations, nicolae_vaults_big_ls, vaults_dpeg_doors,
          vaults_dpeg_spiral, nicolae_vaults_windows_and_doors_thing, v_misc_11,
          grunt_vaults_hallway_long, vaults_mumra_chevron, v_alt_pattern_1,
          layout_vaults_omnibox, serial_shops, nicolae_shop_behind_doors
Vaults:5
Crypt:1:  layout_regular_city, ebering_ghost_reflecting_pool,
          grunt_crypt_arrival_webbed
Crypt:2:  layout_chaotic_city
Crypt:3:  lightli_unholy_cathedral, layout_chaotic_city,
          nicolae_tomb_entry_rubble_hallway, basic_altar, moated_statue,
          st_shrine_of_skulls
Depths:1: layout_basic, minivault_14, grunt_metal_band, tso_altar,
          grunt_megastairs_3, uniq_enchantress, uniq_bai_suzhen, uniq_sojobo
Depths:2: minmay_outward_triangles, layout_basic, hellmouth_1,
          minmay_misc_feat_four_crosses, kennysheep_windowed_goal,
          serial_bayou_shore_b, infiniplex_staircase_door_maze
Depths:3: box_level_dp, pan_entry, hell_entry
Depths:4: minmay_the_grid_triangle_9x9_recursive_3_mashed
          [minmay_the_grid_triangle_9x9_empty,
          minmay_the_grid_triangle_9x9_fully_insulated_deathbox,
          minmay_the_grid_triangle_9x9_warning,
          minmay_the_grid_triangle_9x9_prize_insulated,
          minmay_the_grid_triangle_9x9_thin_v,
          minmay_the_grid_triangle_9x9_impossible_snake,
          minmay_the_grid_triangle_9x9_empty,
          minmay_the_grid_triangle_9x9_from_above,
          minmay_the_grid_triangle_9x9_corruption], layout_small_grid,
          enter_ziggurat_e, hangedman_abyss_entry_splay,
          grunt_pan_entry_sceptre, hangedman_coc_ice_floe,
          serial_sigils_hangedman_gnaw, kennysheep_minor_cross,
          hangedman_abyss_or_decor_lesser_grid, kennysheep_four_rooms,
          infiniplex_staircase_zigzag_1
Depths:5: evilmike_zot_entry_castle, layout_gridlike,
          minmay_misc_feat_diagonals, rand_demon_pan_entry_4, hell_entry
Zot:1:    grunt_zot_stairs_mandelzot, layout_basic, grunt_ministairs_1

Skill      XL: |  1  2  3  4  5  6  7  8  9 10 11 12 13 14 15 16 17 18 19 20 21 22 23 24 25 26 27 |
---------------+----------------------------------------------------------------------------------+-----
Dodging        | 2 3 4 6 7 8 9 10 11 12 13 14 15 16 17 | 17.2
Fighting       | 1 2 3 4 5 6 8 9 10 11 12 13 14 15 16 17 18 19 | 19.8
Translocations | 1 2 3 |  3.3
Conjurations   | 5 6 7 8 9 10 11 12 13 14 15 16 17 | 17.7
Spellcasting   | 3 4 5 6 7 8 9 10 11 12 13 15 16 17 18 19 20 | 20.1
Air Magic      | 2 4 6 8 9 10 11 12 13 14 15 16 19 22 24 25 26 27 | 27.0
Invocations    | 1 5 |  5.0
Evocations     | 5 8 9 11 12 13 14 15 16 | 16.5
Ice Magic      | 5 8 10 | 10.5
Shields        | 6 9 |  9.1
Stealth        | |  1.7

Action                   |  1- 3 |  4- 6 |  7- 9 | 10-12 | 13-15 | 16-18 | 19-21 | 22-24 | 25-27 || total
-------------------------+-------+-------+-------+-------+-------+-------+-------+-------+-------++-------
Melee: Dagger            |    85 |       |       |       |       |       |       |       |       ||    85
       Tailslap          |     7 |     5 |    11 |    13 |    49 |    38 |    61 |    31 |    30 ||   245
       Short sword       |       |   102 |    59 |    74 |    13 |       |       |       |       ||   248
       Morningstar       |       |       |     7 |       |       |       |       |       |       ||     7
       Staff             |       |       |       |    28 |   295 |   279 |   369 |   201 |   121 ||  1293
 Cast: Magic Dart        |    58 |   132 |   207 |   609 |   678 |   905 |     9 |     7 |     5 ||  2610
       Searing Ray       |     1 |     4 |    15 |    34 |     4 |     8 |     4 |       |       ||    70
       Iskenderun's Myst |       |       |     6 |    22 |    47 |    79 |    55 |    15 |    10 ||   234
       Foxfire           |       |       |       |     6 |       |       |     2 |       |       ||     8
       Lightning Bolt    |       |       |       |    50 |   248 |   290 |   496 |   234 |   131 ||  1449
       Mephitic Cloud    |       |       |       |     2 |       |       |       |       |       ||     2
       Blink             |       |       |       |       |     8 |     2 |       |    16 |     5 ||    31
       Freezing Cloud    |       |       |       |       |       |    24 |    28 |    10 |     2 ||    64
       Tornado           |       |       |       |       |       |       |    11 |    63 |    82 ||   156
       Conjure Ball Ligh |       |       |       |       |       |       |       |    19 |    19 ||    38
       Airstrike         |       |       |       |       |       |       |       |   131 |   170 ||   301
 Abil: Breathe Lightning |       |       |     3 |     6 |    16 |     9 |     2 |       |       ||    36
       Fly               |       |       |       |       |     1 |       |       |     2 |     1 ||     4
       Stop Flying       |       |       |       |       |       |       |       |     3 |       ||     3
Evoke: Wand              |       |       |     2 |    11 |    17 |    18 |     4 |     8 |       ||    60
       Box of beasts     |       |       |       |       |     1 |     2 |     2 |     3 |     1 ||     9
       Condenser vane    |       |       |       |       |     1 |     1 |     1 |       |       ||     3
       Lightning rod     |       |       |       |       |       |     1 |     9 |       |     1 ||    11
       Tin of tremorston |       |       |       |       |       |     1 |     2 |       |     1 ||     4
       Phantom mirror    |       |       |       |       |       |       |       |       |     1 ||     1
  Use: Scroll            |       |     3 |    12 |    15 |    11 |    10 |     8 |    12 |    13 ||    84
       Potion            |       |       |       |     1 |     2 |     5 |       |    10 |    14 ||    32
 Stab: Sleeping          |       |       |       |     1 |       |     2 |     3 |     2 |     1 ||     9
       Distracted        |       |       |       |       |       |       |       |       |     1 ||     1
Armor: Skin              |    48 |    66 |    51 |   106 |   168 |   121 |   112 |    88 |    76 ||   836
Dodge: Dodged            |    73 |   132 |   198 |   470 |   903 |   701 |   734 |   502 |   428 ||  4141
Block: Buckler           |       |       |       |       |       |   118 |   260 |   191 |   146 ||   715

Table legend: (Time is in decaauts)
 A = Elapsed time spent in this place.
 B = Non-inter-level travel time spent in this place.
 C = Inter-level travel time spent in this place.
 D = Time resting spent in this place.
 E = Time spent auto-exploring this place.
 F = Levels seen in this place.
 G = Mean time per level.
                   A        B        C        D        E       F      G
               +--------+--------+--------+--------+--------+-----+--------+
         Total | 102633 |  96677 |   5956 |  36069 |  43671 |  58 | 1769.5 |
       Dungeon |  28803 |  26962 |   1841 |   8344 |  14211 |  15 | 1920.2 |
          Lair |  10595 |   9630 |    965 |   3171 |   5004 |   6 | 1765.8 |
        Shoals |   5704 |   5548 |    156 |   1395 |   3210 |   4 | 1426.0 |
     Snake Pit |   8479 |   8201 |    278 |   2870 |   3922 |   4 | 2119.8 |
    Slime Pits |   1133 |   1114 |     19 |    681 |      0 |   5 |  226.6 |
  Orcish Mines |   4111 |   3801 |    310 |    423 |   2675 |   2 | 2055.5 |
   Elven Halls |   6100 |   5429 |    671 |   2320 |   1943 |   3 | 2033.3 |
        Vaults |  13407 |  12430 |    977 |   5531 |   4788 |   5 | 2681.4 |
         Crypt |   5917 |   5797 |    120 |   2608 |   2327 |   3 | 1972.3 |
        Depths |  14917 |  14303 |    614 |   6766 |   5139 |   5 | 2983.4 |
           Zot |    170 |    170 |      0 |     34 |     17 |   1 |  170.0 |
         Abyss |    561 |    561 |      0 |    366 |      0 |   1 |  561.0 |
        Bazaar |    121 |    121 |      0 |      0 |    118 |   1 |  121.0 |
       Ossuary |    832 |    832 |      0 |    352 |    317 |   1 |  832.0 |
      Ice Cave |    951 |    951 |      0 |    727 |      0 |   1 |  951.0 |
      Gauntlet |    823 |    823 |      0 |    480 |      0 |   1 |  823.0 |
               +--------+--------+--------+--------+--------+-----+--------+

Top non-repeatable levels by time:
Depths:5: 4294 daAuts
Depths:3: 3836 daAuts
Vaults:4: 3818 daAuts
   Elf:3: 3243 daAuts
   Orc:2: 3207 daAuts
    D:10: 3016 daAuts
 Snake:4: 2997 daAuts
    D:15: 2859 daAuts
Vaults:2: 2856 daAuts
 Crypt:3: 2835 daAuts
Vaults:1: 2789 daAuts
Depths:4: 2787 daAuts
    D:14: 2705 daAuts
Depths:2: 2693 daAuts
    D:12: 2564 daAuts
